 Dungeon Crawl Stone Soup version 0.28-a0-863-g8cecda6153 (webtiles) character file.

Game seed: 6362105116111337020

519 siradein the Ruffian (level 7, -5/57 HPs)
             Began as a Black Draconian Transmuter on Nov 16, 2021.
             Was an Initiate of Wu Jian.
             Killed themself with a bounced bolt of lightning (7 damage)
             ... on level 5 of the Dungeon.
             The game lasted 00:10:38 (5101 turns).

siradein the Ruffian (Black Draconian Transmuter)   Turns: 5101, Time: 00:10:38

Health: -5/57      AC:  6    Str: 14    XL:     7   Next: 1%
Magic:  12/12      EV: 12    Int: 14    God:    Wu Jian [......]
Gold:   114        SH:  0    Dex: 11    Spells: 6/12 levels left

rFire   . . .      SeeInvis .     - Unarmed
rCold   + . .      Faith    .   (no shield)
rNeg    . . .      Spirit   .   (armour unavailable)
rPois   .          Reflect  .   (helmet restricted)
rElec   +          Harm     .   (no cloak)
rCorr   .          Rampage  .   (no gloves)
Will    .....                   (no boots)
Stlth   +.........              (no amulet)
HPRegen 0.19/turn               g - ring of protection from cold
MPRegen 0.13/turn               (no ring)

@: no status effects
A: breathe lightning, AC +6, unfitting armour, electricity resistance,
cold-blooded
a: Breathe Lightning, Renounce Religion


You were on level 5 of the Dungeon.
You worshipped Wu Jian.
Wu Jian was noncommittal.
You visited 2 branches of the dungeon, and saw 6 of its levels.

You collected 114 gold pieces.

Inventory:

Hand Weapons
 p - a +0 hand crossbow
Missiles
 f - 18 poisoned darts
 q - 39 bolts
Jewellery
 g - a ring of protection from cold (left hand)
 l - a +4 ring of protection
 n - a ring of protection from cold
Wands
 v - a wand of charming (7)
Scrolls
 b - 9 scrolls of identify {unknown}
 e - 2 scrolls of enchant armour {unknown}
 i - a scroll of blinking {unknown}
 k - 2 scrolls of noise {unknown}
 m - a scroll of immolation {unknown}
 o - a scroll of brand weapon {unknown}
 u - a scroll of teleportation {unknown}
Potions
 a - 2 potions of curing {unknown}
 c - a potion of cancellation {unknown}
 d - a potion of mutation {unknown}
 h - 3 potions of flight {unknown}
 j - 2 potions of attraction {unknown}
 r - a potion of ambrosia {unknown}
 s - a potion of invisibility {unknown}
 t - 2 potions of degeneration {unknown}


   Skills:
 + Level 3.6 Fighting
 + Level 3.4 Dodging
 + Level 4.5 Unarmed Combat
 + Level 3.4 Spellcasting
 + Level 3.7 Transmutations


You had 6 spell levels left.
You knew the following spells:

 Your Spells              Type           Power      Damage    Failure   Level
a - Beastly Appendage     Tmut           24%        N/A       4%          1
b - Wereblood             Tmut           12%        N/A       7%          2
c - Spider Form           Tmut/Pois      7%         N/A       28%         3

Your spell library contained the following spells:

 Spells                   Type           Power      Damage    Failure   Level
 Passwall                 Tmut/Erth      5%         N/A       14%         2
 Swiftness                Air            2%         N/A       52%         3
 Ice Form                 Ice/Tmut       7%         N/A       67%         4
 Fireball                 Conj/Fire      1%         3d3       99%         5
 Starburst                Conj/Fire      1%         6d3       100%        6
 Ignition                 Fire           1%         3d3       100%        8


Dungeon Overview and Level Annotations

Branches:
Dungeon (5/15)             Temple (1/1) D:4

Altars:
Fedhas
Hepliaklqana
Kikubaaqudgha
Wu Jian

Shops:
D:4 (

Annotations:
D:3 3 runed translucent doors, jasper's ghost, amateur DgFi
D:4 2 runed translucent doors, sirJeffrey23's ghost, amateur DsBe


Innate Abilities, Weirdness & Mutations

You can breathe wild blasts of lightning.
Your glossy black scales are hard. (AC +6)
You cannot fit into any form of body armour.
You are resistant to electric shocks. (rElec)
You are cold-blooded and may be slowed by cold attacks.


Message History

The water moccasin is heavily wounded.
You feel sick. The hound skeleton barely misses you.
The water moccasin bites you.
* * * LOW HITPOINT WARNING * * *
You barely miss the water moccasin. Your kick misses the water moccasin.
You tail-slap the water moccasin, but do no damage.
The water moccasin is heavily wounded.
You feel sick.
You are no longer poisoned.
The hound skeleton barely misses you. The water moccasin misses you.
The hound skeleton bites you.
* * * LOW HITPOINT WARNING * * *
You closely miss the water moccasin. Your kick misses the water moccasin.
Your tail-slap misses the water moccasin.
The water moccasin is heavily wounded.
The water moccasin bites you.
* * * LOW HITPOINT WARNING * * *
The hound skeleton bites you.
* * * LOW HITPOINT WARNING * * *
The water moccasin bites you but does no damage.
Your horns disappear.
Your talons disappear.
You barely miss the water moccasin.
The water moccasin is heavily wounded.
The hound skeleton bites you.
* * * LOW HITPOINT WARNING * * *
The water moccasin bites you but does no damage.
You miss the water moccasin.
Your tail-slap misses the water moccasin.
The water moccasin is heavily wounded.
The water moccasin misses you.
The hound skeleton bites you but does no damage.
The water moccasin bites you.
* * * LOW HITPOINT WARNING * * *
The hound skeleton bites you but does no damage.
You have got your breath back.
Unknown command.
You breathe a wild blast of lightning!
The orb of electricity explodes!
You hear a mighty clap of thunder! x2
The bolt of lightning hits you! You resist.
You die...

#........######..............
#......<..# #..............
#..#......#####..............
#.....###.#...............
#...#..#..................
#..###....................
##..#..##.....#...........
.....###.................
###.#.###@#.....#.........
#..#....S##..#.##........ #.
##....Z#....####...... #
#....###...# ####### #....#
##### #.........#
##..........# #..........#
##.........#


You could see a water moccasin and a hound skeleton.

Vanquished Creatures
  A black bear (D:4)
  A scorpion (D:5)
  2 water moccasin skeletons
  A hound (D:4)
  A jelly (D:5)
  An orc wizard (D:3)
  A hound skeleton (D:4)
  7 gnolls
  4 adders (D:4)
  A worm (D:2)
  A dart slug (D:3)
  6 orcs
  3 endoplasms
  4 giant cockroaches
  5 goblins
  8 hobgoblins
  6 kobolds
  6 quokkas
  5 ball pythons
  7 bats
  5 frilled lizards
  3 rats
79 creatures vanquished.

Vanquished Creatures (others)
  2 fungi (D:3)
  9 plants
11 creatures vanquished.

Grand Total: 90 creatures vanquished

Notes
Turn   | Place    | Note
-------+----------+-------------------------------------------
     0 | D:1      | siradein the Draconian Transmuter began the quest for the
                  | Orb.
     0 | D:1      | Reached XP level 1. HP: 16/16 MP: 3/3
   209 | D:1      | Reached XP level 2. HP: 12/23 MP: 5/5
   218 | D:1      | Learned a level 2 spell: Wereblood
  1082 | D:2      | Reached XP level 3. HP: 29/29 MP: 4/6
  1384 | D:2      | Found an ancient bone altar of Kikubaaqudgha.
  1654 | D:2      | Found a faded altar of an unknown god.
  1831 | D:3      | Learned a level 3 spell: Spider Form
  1881 | D:3      | Reached XP level 4. HP: 36/36 MP: 5/7
  2133 | D:3      | Found a runed translucent gate.
  2133 | D:3      | Found a runed translucent gate.
  2133 | D:3      | Found a runed translucent gate.
  2138 | D:3      | Noticed a kobold brigand
  2139 | D:3      | Noticed jasper's ghost (amateur DgFi)
  2671 | D:3      | Reached XP level 5. HP: 17/42 MP: 9/9
  3313 | D:4      | Reached skill level 4 in Unarmed Combat
  3547 | D:4      | Reached XP level 6. HP: 48/51 MP: 8/10
  3805 | D:4      | Found a large runed translucent door.
  3805 | D:4      | Found a large runed translucent door.
  3807 | D:4      | Noticed sirJeffrey23's ghost (amateur DsBe)
  3944 | D:4      | Found a staircase to the Ecumenical Temple.
  4009 | D:4      | Found Ithicrie's Weapon Shop.
  4049 | Temple   | Entered the Ecumenical Temple
  4097 | Temple   | Became a worshipper of the Wu Jian Council
  4687 | D:5      | Entered Level 5 of the Dungeon
  5004 | D:5      | Your scales start taking on a glossy black colour.
  5004 | D:5      | Reached XP level 7. HP: 54/57 MP: 9/12
  5004 | D:5      | Gained mutation: You are resistant to electric shocks.
                  | (rElec) [Black Draconian growth]
  5098 | D:5      | HP: 2/57 [water moccasin (2)]
  5101 | D:5      | Killed themself with a bounced bolt of lightning

Illustrated notes

Levels and vault maps discovered:
D:1:      minmay_arrival_radiant_lines, layout_loops_ring,
          minmay_misc_feat_pillars, wander_ebering_terrifying_dragon_lair
D:2:      layout_basic, nicolae_ecumenical_oubliette, basic_altar
D:3:      layout_loops_corners, gammafunk_ghost_nasty_kobolds
D:4:      layout_basic, minmay_temple_entry_arrows, serial_shops,
          kennysheep_little_box, ebering_ghost_disaster_area,
          chequers_serial_rivers_large_a
D:5:      layout_cave_pools, lexackson_kobold_supper
Temple:   minmay_temple_curvy_branch

Skill      XL: |  1  2  3  4  5 |
---------------+----------------+-----
Dodging        | 2 3 |  3.4
Fighting       | 2 3 |  3.6
Transmutations | 3 |  3.7
Unarmed Combat | 4 |  4.5
Spellcasting   | 3 |  3.4

Action                   |  1- 3 |  4- 6 |  7- 9 || total
-------------------------+-------+-------+-------++-------
Melee: Unarmed           |   104 |   163 |    14 ||   281
       Tailslap          |     8 |    15 |     1 ||    24
       Kick              |    15 |    35 |     1 ||    51
       Headbutt          |    11 |    30 |       ||    41
       Punch             |       |     2 |       ||     2
 Cast: Beastly Appendage |    23 |    31 |     1 ||    55
       Wereblood         |       |     5 |       ||     5
Invok: Lunge             |       |     1 |       ||     1
 Abil: Breathe Lightning |       |       |     1 ||     1
Armor: Skin              |    28 |    42 |     9 ||    79
Dodge: Dodged            |    62 |    99 |    12 ||   173

Table legend: (Time is in decaauts)
 A = Elapsed time spent in this place.
 B = Non-inter-level travel time spent in this place.
 C = Inter-level travel time spent in this place.
 D = Time resting spent in this place.
 E = Time spent auto-exploring this place.
 F = Levels seen in this place.
 G = Mean time per level.
                   A        B        C        D        E       F      G
               +--------+--------+--------+--------+--------+-----+--------+
         Total |   5097 |   4946 |    151 |    231 |   3951 |   6 |  849.5 |
       Dungeon |   5026 |   4876 |    150 |    231 |   3912 |   5 | 1005.2 |
        Temple |     70 |     70 |      0 |      0 |     39 |   1 |   70.0 |
               +--------+--------+--------+--------+--------+-----+--------+

Top non-repeatable levels by time:
     D:4: 1622 daAuts
     D:3: 1427 daAuts
     D:1: 1068 daAuts
     D:2: 751 daAuts
     D:5: 157 daAuts
  Temple: 70 daAuts
